 Dungeon Crawl Stone Soup version 0.29.0-4-gdea44cf6ec (webtiles) character file.

Game seed: 1040165797701512856

123 qw the Chopper (level 5, -3/30 HPs)
             Began as a Tengu Warper on Aug 28, 2022.
             Succumbed to Ijyb's poison
             ... on level 3 of the Dungeon.
             The game lasted 00:00:11 (2414 turns).

qw the Chopper (Tengu Warper)                       Turns: 2414, Time: 00:00:11

Health: -3/30      AC:  8    Str: 14    XL:     5   Next: 7%
Magic:  9/9        EV:  7    Int: 13    God:
Gold:   107        SH:  0    Dex: 13    Spells: 8/8 levels left

rFire   . . .      SeeInvis .   Y - +0 war axe
rCold   . . .      Faith    .   (no shield)
rNeg    . . .      Spirit   .   j - +0 chain mail
rPois   .          Reflect  .   (helmet restricted)
rElec   .          Harm     .   (no cloak)
rCorr   .          Rampage  .   (no gloves)
Will    .....                   (boots unavailable)
Stlth   ..........              (no amulet)
HPRegen 0.10/turn               (no ring)
MPRegen 0.11/turn               (no ring)

@: confused, lethally poisoned (-3 -> -31), flying quickly and evasively, quick
A: beak, talons 3, nimble flight
a: no special abilities


You were on level 3 of the Dungeon.
You visited 1 branch of the dungeon, and saw 3 of its levels.

You collected 107 gold pieces.


Innate Abilities, Weirdness & Mutations

You have a beak for a mouth.
You have claws for feet.
Your magical nature lets you fly swiftly and evasively.


   Skills:
 - Level 2.0 Fighting
 + Level 5.6 Axes
 - Level 1.0 Throwing
 - Level 1.1 Armour
 - Level 2.1 Dodging
 - Level 2.0 Spellcasting
 - Level 2.4 Translocations


You had 8 spell levels left.
You didn't know any spells.
Your spell library contained the following spells:

 Spells                   Type           Power      Damage    Failure   Level
 Blink                    Tloc           14%        N/A       99%         2
 Gell's Gravitas          Tloc           7%         N/A       100%        3
 Lesser Beckoning         Tloc           7%         N/A       100%        3
 Teleport Other           Tloc           7%         N/A       100%        3
 Manifold Assault         Tloc           7%         N/A       100%        5

Inventory:

Hand Weapons
 a - a +0 flail
 Y - a +0 war axe (weapon)
Armour
 j - a +0 chain mail (worn)
Scrolls
 b - a scroll of teleportation
 c - a scroll of identify
Potions
 d - a potion of might
 h - a potion of attraction {unknown}
 k - a potion of mutation {unknown}

Dungeon Overview and Level Annotations

Branches:
Dungeon (3/15)

Altars:

Annotations:
D:3 Ijyb


Message History

Ijyb barely misses you.
You closely miss Ijyb. You claw Ijyb!
Ijyb is severely wounded.
You feel sick.
Ijyb zaps a wand.
You resist with some effort.
You closely miss Ijyb. Your kick misses Ijyb.
Ijyb is severely wounded.
You feel a little less mighty now.
You feel sick.
Ijyb zaps a wand.
Your will is overpowered!
You are confused.
Ijyb zaps a wand.
Your will is overpowered!
You are more confused.
You bump into the rock wall.
You feel sick. Ijyb hits you but does no damage.
You are more poisoned.
A hobgoblin comes into view. It is wielding a +0 spear.
You closely miss Ijyb.
The hobgoblin shouts!
Your kick misses Ijyb.
Ijyb is severely wounded.
You feel very sick.
Ijyb zaps a wand.
Your will is overpowered!
You are more confused.
The now-empty wand crumbles to dust.
You feel sick.
You're too confused to move!
You feel sick. Ijyb barely misses you.
You feel sick. Ijyb hits you but does no damage.
You are more poisoned.
You bump into the rock wall.
You feel sick.
Ijyb hits you with a +5 dagger of venom.
You are lethally poisoned!
You hit Ijyb. Your kick misses Ijyb. You peck Ijyb, but do no damage.
Ijyb is almost dead.
You feel very sick. Ijyb hits you but does no damage.
You are more poisoned.
You closely miss Ijyb. Your kick misses Ijyb. Your peck misses Ijyb.
Ijyb is almost dead.
You die...

###.########.#
.........###.##
.......#......#####.
###.##..............
#.#######.........
#.# #...##### #.#
#...#### #.#
#......# #..
.......###@## ...
...##.###..g# <.
.........g..g... #
.##.###...#####.. #
#. ##.## #.# ... ###


You could see Ijyb and a hobgoblin.

Vanquished Creatures
  3 gnolls (D:2)
  6 adders (D:2)
  A worm (D:2)
  A ball python (D:2)
  A bat (D:2)
  7 endoplasms
  4 giant cockroaches
  A goblin (D:2)
  5 hobgoblins
  2 quokkas
  A frilled lizard (D:2)
  5 kobolds
  A rat (D:2)
38 creatures vanquished.

Notes
Turn   | Place    | Note
-------+----------+-------------------------------------------
     0 | D:1      | qw the Tengu Warper began the quest for the Orb.
     0 | D:1      | Reached XP level 1. HP: 12/12 MP: 4/4
     0 | D:1      | 0 ||| qw: Version: 0.1-a-89-g26bdef1
     0 | D:1      | 0 ||| qw: Game counter: 2238
     0 | D:1      | 0 ||| qw: Always use a shield: true
     0 | D:1      | 0 ||| qw: God list: Okawaru
     0 | D:1      | 0 ||| qw: Allow faded altars: false
     0 | D:1      | 0 ||| qw: Do Orc after D:15 true
     0 | D:1      | 0 ||| qw: Do second Lair branch before Depths: true
     0 | D:1      | 0 ||| qw: Lair rune preference: random
     0 | D:1      | 0 ||| qw: Plans: Normal
     0 | D:1      | 0 ||| PLANNING D:1-11
    48 | D:1      | 48 ||| SWAPPING to +0 war axe.
    49 | D:1      | 49 ||| DROPPING +0 hand axe.
    82 | D:1      | 82 ||| Stepping ~*~*~tactically~*~*~ (stealth).
   139 | D:1      | Reached XP level 2. HP: 17/17 MP: 6/6
   180 | D:1      | Reached skill level 3 in Axes
   653 | D:1      | 653 ||| Stepping ~*~*~tactically~*~*~ (stealth).
   654 | D:1      | 654 ||| Stepping ~*~*~tactically~*~*~ (stealth).
   757 | D:1      | 757 ||| UPGRADING to +0 chain mail.
   767 | D:1      | 767 ||| DROPPING +0 leather armour.
   768 | D:1      | 768 ||| READING scroll labelled JYMOTUBE QASOUZ.
   769 | D:1      | 769 ||| READING scroll labelled UJONTU XOBUGOT.
   770 | D:1      | 770 ||| READING scroll labelled LUODOH JYUPNILO.
   771 | D:1      | 771 ||| DRINKING 2 sedimented dark potions.
   772 | D:1      | 772 ||| DROPPING scroll of blinking.
   773 | D:1      | 773 ||| DROPPING potion of brilliance.
   821 | D:2      | Reached XP level 3. HP: 19/21 MP: 7/7
   822 | D:2      | Reached skill level 4 in Axes
  1024 | D:2      | Reached XP level 4. HP: 13/26 MP: 8/8
  1048 | D:2      | Reached skill level 5 in Axes
  1319 | D:2      | 1319 ||| DROPPING +0 club.
  1725 | D:2      | 1725 ||| DROPPING +0 mace.
  1761 | D:2      | Gained mutation: Your magical nature lets you fly swiftly
                  | and evasively. [Tengu growth]
  1761 | D:2      | Reached XP level 5. HP: 30/30 MP: 9/9
  2363 | D:2      | 2363 ||| READING 2 scrolls labelled QUMI JIK YJAE.
  2366 | D:2      | 2366 ||| DRINKING 2 fuming clear potions.
  2397 | D:3      | Noticed Ijyb
  2398 | D:3      | 2398 ||| Stepping ~*~*~tactically~*~*~ (hiding).
  2413 | D:3      | HP: 4/30 [poisoned by Ijyb]
  2414 | D:3      | Succumbed to Ijyb's poison

Levels and vault maps discovered:
D:1:      lightli_arrival_flooded_house, layout_rooms
D:2:      layout_basic
D:3:      layout_loops_ring, ashenzari_conservatory_becter,
          lemuel_zombie_altar_kikubaaqudgha, nicolae_overflow_ecumenical_swirl,
          shapermc_ecumenical_altar_petra, uniq_sigmund, uniq_ijyb

Skill      XL: |  1  2  3  4 |
---------------+-------------+-----
Axes           | 3 4 5 |  5.6
Fighting       | |  2.0
Throwing       | |  1.0
Armour         | |  1.1
Dodging        | |  2.1
Spellcasting   | |  2.0
Translocations | |  2.4

Action                   |  1- 3 |  4- 6 || total
-------------------------+-------+-------++-------
Melee: Hand axe          |     3 |       ||     3
       War axe           |    57 |    51 ||   108
       Kick              |    13 |    11 ||    24
       Peck              |     9 |     4 ||    13
       Punch             |       |     2 ||     2
Throw: Boomerang         |     7 |       ||     7
  Use: Scroll            |     3 |     1 ||     4
       Potion            |     1 |     1 ||     2
Armor: Leather armour    |     6 |       ||     6
       Chain mail        |    12 |    38 ||    50
Dodge: Dodged            |    25 |    10 ||    35

Table legend:
 A = Non-vault XP
 B = Vault XP
 C = Vault XP percentage of total XP
 D = Non-vault monster count
 E = Vault monster count
 F = Vault count percentage of total count
                 A         B        C        D         E       F
            +---------+---------+-------+---------+---------+-------
      Total |     176 |       0 |   0.0 |      38 |       0 |   0.0
            +---------+---------+-------+---------+---------+-------
        D:1 |      27 |       0 |   0.0 |      14 |       0 |   0.0
        D:2 |     149 |       0 |   0.0 |      24 |       0 |   0.0
            +---------+---------+-------+---------+---------+-------
